 Dungeon Crawl Stone Soup version 0.28-a0-779-g3d1f99b579 (webtiles) character file.

Game seed: 46162475079965260

956 demibob the Grappler (level 8, -2/63 HPs)
             Began as a Ghoul Monk on Nov 3, 2021.
             Slain by a bullfrog skeleton (5 damage)
             ... on level 5 of the Dungeon.
             The game lasted 00:07:36 (4723 turns).

demibob the Grappler (Ghoul Monk)                   Turns: 4723, Time: 00:07:37

Health: -2/63      AC:  3    Str: 15    XL:     8   Next: 14%
Magic:  7/7        EV: 16    Int:  5    God:
Gold:   79         SH:  0    Dex: 13    Spells: 7/7 levels left

rFire   . . .      SeeInvis +     - Unarmed
rCold   + . .      Faith    .   (no shield)
rNeg    + + +      Spirit   .   a - +0 robe
rPois   ∞          Reflect  .   b - +0 helmet
rElec   .          Harm     .   (no cloak)
rCorr   .          Rampage  .   (no gloves)
Will    .....                   (no boots)
Stlth   ++........              c - amulet of magic regeneration
HPRegen 0.00/turn               v - ring of see invisible
MPRegen 0.35/turn               E - +4 ring of evasion

@: inhibited regen
A: claws 1, cold resistance 1, negative energy resistance 3, inhibited
regeneration, torment resistance 2
a: no special abilities


You were on level 5 of the Dungeon.
You visited 1 branch of the dungeon, and saw 5 of its levels.

You collected 79 gold pieces.


Innate Abilities, Weirdness & Mutations

You thrive by killing the living.
You are immune to poison.
You have sharp fingernails.
Your flesh is cold resistant. (rC+)
You are immune to negative energy. (rN+++)
You do not regenerate when monsters are visible.
You are immune to unholy pain and torment.


   Skills:
 - Level 3.2 Fighting
 - Level 2.6 Dodging
 - Level 2.1 Stealth
 + Level 10.5 Unarmed Combat


You had 7 spell levels left.
You didn't know any spells.
Your spell library was empty.

Inventory:

Hand Weapons
 e - a +4 vorpal spear
Missiles
 k - 5 curare-tipped darts (quivered) {=f}
Armour
 a - a +0 robe (worn)
 b - a +0 helmet (worn)
Jewellery
 c - an amulet of magic regeneration (around neck)
 v - a ring of see invisible (left claw)
 E - a +4 ring of evasion (right claw)
Wands
 h - a wand of digging (3)
 l - a wand of mindburst (5)
Scrolls
 f - 3 scrolls of amnesia
 i - a scroll of fear
 j - a scroll of noise {unknown}
Potions
 d - a potion of degeneration

Dungeon Overview and Level Annotations

Branches:
Dungeon (5/15)
 Temple: D:4-7

Altars:
Makhleb
Trog
Vehumet
Wu Jian
Yredelemnul

Annotations:
D:3 2 transporters, cheechan's ghost, novice NaFi

###. #.... #...#
#...# .....###...#
#....#....
......... . #....#
... #.Y.#..... #
####.hZ.......
###.#@##.#####....
....#Z†.$# ..
#.....## #......#
##....## #......#
##.##.## #..#..###
#.......#


You could see a bullfrog skeleton.


Message History

Aim: a sky beast (severely wounded, slightly transparent, chance to affect: 65%)
The sky beast's mind is blasted!
You blow up the sky beast!
You have reached level 8!
Aiming: Mindburst
Press: ? - help, Shift-Dir - straight line, f - iguana
Aim: an iguana (chance to affect: 73%)
The iguana struggles to resist.
The bullfrog skeleton hits you but does no damage.
The iguana completely misses you.
Aiming: Mindburst
Press: ? - help, Shift-Dir - straight line, f/p - iguana
Aim: an iguana (chance to affect: 73%)
The iguana's mind is blasted!
The bullfrog skeleton closely misses you.
The iguana closely misses you.
The bullfrog skeleton barely misses you.
Aiming: Mindburst
Press: ? - help, Shift-Dir - straight line, f/p - iguana
Aim: an iguana (almost dead, chance to affect: 73%)
The iguana's mind is blasted!
You blow up the iguana!
The bullfrog skeleton hits you but does no damage.
Aiming: Mindburst
Press: ? - help, Shift-Dir - straight line, f - you
Okay, then.
You claw the bullfrog skeleton!
The bullfrog skeleton is heavily damaged.
The bullfrog skeleton hits you.
You die...

Skill      XL: |  1  2  3  4  5  6  7 |
---------------+----------------------+-----
Unarmed Combat | 4 5 6 7 8 10 | 10.5
Fighting       | |  3.2
Dodging        | |  2.6
Stealth        | |  2.1

Action                   |  1- 3 |  4- 6 |  7- 9 || total
-------------------------+-------+-------+-------++-------
Melee: Unarmed           |    82 |   166 |    88 ||   336
       Punch             |     4 |       |     1 ||     5
Evoke: Wand              |       |     1 |     7 ||     8
  Use: Scroll            |     2 |     4 |     1 ||     7
       Potion            |     2 |     2 |     1 ||     5
 Stab: Sleeping          |     1 |     8 |     3 ||    12
       Distracted        |       |       |     1 ||     1
Armor: Robe              |    20 |    24 |    20 ||    64
Dodge: Dodged            |    50 |    99 |    51 ||   200

Levels and vault maps discovered:
D:1:      dpeg_arrival_chambers_temple_mockup, layout_rooms,
          chequers_ecumenical_altar_island, bh_walls_and_bars
D:2:      layout_rooms, basic_altar, minmay_tall_x
D:3:      layout_basic, mainiacjoe_overflow_swirl, general_overflow_altar,
          gammafunk_ghost_arena, kennysheep_another_room
D:4:      layout_loops_corners, lemuel_coloured_pillars_altar, uniq_natasha,
          uniq_ijyb, uniq_sigmund
D:5:      layout_cave_pools

Notes
Turn   | Place    | Note
-------+----------+-------------------------------------------
     0 | D:1      | demibob the Ghoul Monk began the quest for the Orb.
     0 | D:1      | Reached XP level 1. HP: 19/19 MP: 0/0
   217 | D:1      | Reached XP level 2. HP: 19/26 MP: 1/1
   347 | D:1      | HP: 2/26 [gnoll (8)]
   350 | D:1      | Reached skill level 4 in Unarmed Combat
   851 | D:1      | Reached XP level 3. HP: 24/31 MP: 2/2
   962 | D:1      | Found a faded altar of an unknown god.
  1228 | D:2      | Reached skill level 5 in Unarmed Combat
  1232 | D:2      | Reached XP level 4. HP: 24/38 MP: 3/3
  1630 | D:2      | Found an ornate altar of the Wu Jian Council.
  1780 | D:2      | Reached skill level 6 in Unarmed Combat
  1987 | D:3      | HP: 3/38 [killer bee zombie (1)]
  1993 | D:3      | Reached XP level 5. HP: 4/45 MP: 4/4
  2277 | D:3      | Noticed an ogre
  2279 | D:3      | Noticed cheechan's ghost (novice NaFi)
  2286 | D:3      | Found a transporter.
  2402 | D:3      | Found a transporter.
  2568 | D:3      | Found a burning altar of Makhleb.
  2629 | D:3      | Found a bloodstained altar of Trog.
  2655 | D:3      | Found a radiant altar of Vehumet.
  2715 | D:3      | Reached skill level 7 in Unarmed Combat
  2722 | D:3      | Reached XP level 6. HP: 45/51 MP: 5/5
  3130 | D:4      | Found a basalt altar of Yredelemnul.
  3144 | D:4      | Noticed Sigmund
  3176 | D:4      | Killed Sigmund
  3177 | D:4      | Reached skill level 8 in Unarmed Combat
  3418 | D:4      | Reached XP level 7. HP: 57/57 MP: 6/6
  3699 | D:4      | Noticed Natasha
  3706 | D:4      | Killed Natasha
  3707 | D:4      | Reached skill level 9 in Unarmed Combat
  3969 | D:4      | Noticed Natasha
  3974 | D:4      | Noticed Ijyb
  3975 | D:4      | Killed Natasha
  3979 | D:4      | Paralysed by Ijyb for 2 turns
  3990 | D:4      | Killed Ijyb
  4664 | D:5      | Entered Level 5 of the Dungeon
  4708 | D:5      | Reached skill level 10 in Unarmed Combat
  4717 | D:5      | HP: 3/57 [sky beast (6)]
  4720 | D:5      | Reached XP level 8. HP: 3/63 MP: 7/7
  4723 | D:5      | Slain by a bullfrog skeleton

Vanquished Creatures
  Sigmund (D:4)
  A sky beast (D:5)
  A phantom (D:4)
  2 scorpions
  2 howler monkeys
  2 hounds (D:4)
  An orc priest (D:3)
  An iguana (D:5)
  Ijyb (D:4)
  Natasha (twice) (D:4)
  An orc wizard (D:3)
  A killer bee zombie (D:3)
  8 adders
  4 gnolls
  A shadow imp (D:4)
  An adder skeleton (D:4)
  3 worms
  2 dart slugs
  5 orcs
  8 ball pythons
  6 bats
  5 endoplasms
  3 giant cockroaches
  4 goblins
  6 hobgoblins
  2 jackals (D:4)
  3 quokkas
  6 kobolds
  6 rats
89 creatures vanquished.

Table legend: (Time is in decaauts)
 A = Elapsed time spent in this place.
 B = Non-inter-level travel time spent in this place.
 C = Inter-level travel time spent in this place.
 D = Time resting spent in this place.
 E = Time spent auto-exploring this place.
 F = Levels seen in this place.
 G = Mean time per level.
                   A        B        C        D        E       F      G
               +--------+--------+--------+--------+--------+-----+--------+
         Total |   4683 |   4529 |    154 |   1099 |   2672 |   5 |  936.6 |
       Dungeon |   4683 |   4529 |    154 |   1099 |   2672 |   5 |  936.6 |
               +--------+--------+--------+--------+--------+-----+--------+

Top non-repeatable levels by time:
     D:4: 1544 daAuts
     D:1: 1141 daAuts
     D:3: 1120 daAuts
     D:2: 823 daAuts
     D:5: 54 daAuts

Table legend:
 A = Non-vault XP
 B = Vault XP
 C = Vault XP percentage of total XP
 D = Non-vault monster count
 E = Vault monster count
 F = Vault count percentage of total count
                 A         B        C        D         E       F
            +---------+---------+-------+---------+---------+-------
      Total |    1052 |     315 |  23.0 |      82 |       7 |   7.9
            +---------+---------+-------+---------+---------+-------
        D:1 |      41 |       0 |   0.0 |      17 |       0 |   0.0
        D:2 |      81 |      32 |  28.3 |      16 |       4 |  20.0
        D:3 |     203 |       0 |   0.0 |      19 |       0 |   0.0
        D:4 |     399 |     283 |  41.5 |      25 |       3 |  10.7
        D:5 |     328 |       0 |   0.0 |       5 |       0 |   0.0
            +---------+---------+-------+---------+---------+-------
